 Dungeon Sprint DCSS version 0.20-a0-1018-ge435b50 (webtiles) character file.

1285 Krakonus1 the Spry (level 8, -9/40 HPs)
             Began as a Felid Monk on Apr 16, 2017.
             Was the Champion of Wu Jian.
             Shot with an arrow by a deep elf archer (23 damage)
             ... in the Dungeon (Sprint V: "Ziggurat Sprint").
             The game lasted 00:10:07 (546 turns).

Krakonus1 the Spry (Felid Monk)                      Turns: 546, Time: 00:10:08

Health: -9/40      AC:  2    Str:  5    XL:     8   Next: 29%
Magic:  9/9        EV: 38    Int: 12    God:    Wu Jian [******]
Gold:   0          SH:  0    Dex: 32    Spells: 7/7 levels left
                                        Lives:  0   Deaths: 2

rFire    . . .     SeeInvis +     - Unarmed
rCold    . . .     Gourm    .   (shield unavailable)
rNeg     . . .     Faith    .   (armour unavailable)
rPois    .         Spirit   .   (helmet unavailable)
rElec    .         Reflect  .   (cloak unavailable)
rCorr    .         Harm     .   (gloves unavailable)
MR       +....     NoTele   +   (boots unavailable)
Stlth    ++++++....             (no amulet)
Regen    0.2/turn               A - +6 ring of dexterity
MPRegen  0.2/turn               z - +6 ring of dexterity

@: very slightly contaminated, invisible, quick
A: no armour, no weapons or thrown items, stealth, claws 1, fangs 3, see
invisible, carnivore 3, speed 1, frail 1, shaggy fur 2, slow metabolism 1, weak
1, subdued magic 1, sharp paws
a: Serpent's Lash, Heavenly Storm, Renounce Religion


You were in the Dungeon.
You worshipped Wu Jian.
Wu Jian was exalted by your worship.
You were not hungry.

You visited 1 branch

Inventory:

Jewellery
 z - a +6 ring of dexterity (right paw)
 A - a +6 ring of dexterity (left paw)
 B - a +6 ring of intelligence
 C - a +6 ring of intelligence
 D - a +6 ring of strength
 E - a +6 ring of strength
 G - an uncursed ring of flight
 H - an uncursed ring of protection from fire
 I - the ring "Isi Geej" {Fire rPois rN+ Str+4}
   (You found it in the Dungeon)

   [ring of fire]

   It enhances your fire magic.
   It affects your strength (+4).
   It protects you from fire.
   It makes you vulnerable to cold.
   It protects you from poison.
   It protects you from negative energy.
Wands
 u - a wand of disintegration (7/24)
 v - a wand of iceblast (5/15)
 w - a wand of lightning (5/15)
 x - a wand of acid (5/15)
Scrolls
 g - 4 scrolls of blinking
 n - 4 scrolls of amnesia
 o - 3 scrolls of recharging
 p - 7 scrolls of fog
 q - a scroll of holy word
 r - 5 scrolls of identify
 s - 5 scrolls of remove curse
 t - 2 scrolls of fear
Potions
 b - 10 potions of curing
 c - 9 potions of heal wounds
 d - 5 potions of haste
 e - 7 potions of magic
 f - 2 potions of berserk rage
 h - 2 potions of brilliance
 j - 4 potions of resistance
 l - 2 potions of agility
 m - 2 potions of might
Miscellaneous
 y - a crystal ball of energy
 F - a lightning rod (2/4)
Comestibles
 a - 5 meat rations
 k - a chunk of flesh


   Skills:
 + Level 12.0 Fighting
 + Level 16.2 Dodging
 * Level 11.1 Stealth
 * Level 10.1 Unarmed Combat


You had 7 spell levels left.
You didn't know any spells.

Dungeon Overview and Level Annotations

Branches:
Dungeon (1/1)

Altars:
Ashenzari
Cheibriados
Dithmenos
Elyvilon
Fedhas
Gozag
Hepliaklqana
Kikubaaqudgha
Makhleb
Nemelex Xobeh
Okawaru
Qazlal
Ru
Sif Muna
Trog
Uskayaw
Vehumet
Wu Jian
Xom
Yredelemnul
Zin
The Shining One
Beogh
Jiyva
Lugonu


Innate Abilities, Weirdness & Mutations

You cannot wear armour.
You are incapable of wielding weapons or throwing items.
Your paws allow you to move quietly. (Stealth)
You have sharp claws.
You have razor-sharp teeth.
You have supernaturally acute eyesight. (SInv)
You are carnivorous and can eat meat at any time.
You cover ground quickly.
You are covered in thick fur. (AC +2)
You have a slow metabolism.
Your sharp claws are effective at attacking unaware monsters.
You are frail. (-10% HP)
You are weak. (Str -2)
Your spells are a little easier to cast, but a little less powerful.


Message History

The deep elf knight points at you and mumbles some strange words.
The stone arrow misses you.
The deep elf archer shoots an arrow.
The arrow barely misses you.
You scratch the deep elf knight.
The deep elf knight is almost dead.
The deep elf knight closely misses you.
The deep elf archer shoots an arrow.
The arrow hits you!!
Ouch! That really hurt!
You scratch the deep elf knight.
You kill the deep elf knight!
The Council accepts your kill.
Your Fighting skill increases to level 12!
Your Dodging skill increases to level 16!
Your Stealth skill increases to level 11!
Your Unarmed Combat skill gained 2 levels and is now at level 10!
Welcome back to level 8!
The deep elf archer shoots an arrow.
The arrow is repelled.
The arrow hits you!!
Ouch! That really hurt!
You die...

▓.......▓
▓▓▓▓▓▓▓▓▓
▓..8©8..▓
▓..:|)..▓
▓..=}|..▓
▓...§§..▓
▓....E..▓
▓.......▓
▓(@.ee..▓
▓(▓).(▓.▓
▓....(..▓
▓▓▓▓▓▓▓▓▓


You could see 2 deep elf archers and a fire elemental (wandering).

Vanquished Creatures
  A deep elf knight (D)
  A shining eye (D)
  A water elemental (D)
  A spriggan (shapeshifter) (D)
  A yak (D)
  A golden eye (D)
  A water moccasin (D)
  2 floating eyes (D)
  A porcupine (D)
  2 necrophages (D)
  A wight (D)
  2 jellies (D)
  An orc wizard (D)
  An iguana (D)
  A river rat (D)
  A white imp (D)
  3 orcs (D)
  2 ball pythons (D)
  A bat skeleton (D)
  A jackal (D)
  A leopard gecko simulacrum (D)
27 creatures vanquished.

Notes
Turn   | Place    | Note
-------+----------+-------------------------------------------
     0 | D        | Krakonus1 the Felid Monk began the quest for the Orb.
     0 | D        | Reached XP level 1. HP: 11/11 MP: 2/2
     0 | D        | Found a bloodstained altar of Trog.
     0 | D        | Found a deep blue altar of Sif Muna.
     0 | D        | Found a sacrificial altar of Ru.
     0 | D        | Found a stormy altar of Qazlal.
     0 | D        | Found an iron altar of Okawaru.
     3 | D        | Became a worshipper of the Wu Jian Council
     3 | D        | Reached * piety under Wu Jian
     3 | D        | Reached ** piety under Wu Jian
     7 | D        | Found a sparkling altar of Nemelex Xobeh.
     7 | D        | Found a blossoming altar of Fedhas.
     9 | D        | Found an ancient bone altar of Kikubaaqudgha.
     9 | D        | Found a viscous altar of Jiyva.
     9 | D        | Found a corrupted altar of Lugonu.
     9 | D        | Found a hazy altar of Hepliaklqana.
     9 | D        | Found a burning altar of Makhleb.
     9 | D        | Found an opulent altar of Gozag.
    59 | D        | Reached skill level 5 in Fighting
    59 | D        | Reached skill level 8 in Dodging
    59 | D        | Reached XP level 2. HP: 16/16 MP: 3/3
    62 | D        | Entered arena 1.
    65 | D        | Reached skill level 9 in Dodging
    69 | D        | Entered arena 2.
    69 | D        | Noticed a water moccasin
    76 | D        | Killed a water moccasin
    76 | D        | Reached skill level 11 in Dodging
    76 | D        | Reached XP level 3. HP: 21/22 MP: 4/4
    76 | D        | Reached XP level 4. HP: 24/26 MP: 5/5
    78 | D        | Reached *** piety under Wu Jian
    87 | D        | Entered arena 3.
    95 | D        | Reached XP level 5. HP: 21/29 MP: 6/6
   100 | D        | Reached **** piety under Wu Jian
   180 | D        | Entered arena 4.
   180 | D        | Noticed a necrophage
   180 | D        | Noticed a necrophage
   183 | D        | Reached skill level 12 in Dodging
   189 | D        | Killed a necrophage
   189 | D        | Reached skill level 13 in Dodging
   189 | D        | Gained mutation: You are covered in thick fur. (AC +2) [Felid growth]
   189 | D        | Reached XP level 6. HP: 26/35 MP: 7/7
   190 | D        | Reached ***** piety under Wu Jian
   190 | D        | Reached skill level 10 in Fighting
   229 | D        | Entered arena 5.
   229 | D        | Noticed a yak
   229 | D        | Noticed a porcupine
   239 | D        | Killed a porcupine
   239 | D        | Reached skill level 14 in Dodging
   247 | D        | Killed a yak
   247 | D        | Reached skill level 15 in Dodging
   247 | D        | Reached XP level 7. HP: 18/40 MP: 8/8
   425 | D        | Entered arena 6.
   425 | D        | Noticed a golden eye
   425 | D        | Noticed a shining eye
   431 | D        | Paralysed by a floating eye for 2 turns
   440 | D        | Paralysed by a floating eye for 2 turns
   444 | D        | HP: 2/60 [acid (5)]
   444 | D        | Slain by a jelly
   445 | D        | Reached XP level 6. HP: -1/55 MP: 7/7
   452 | D        | Entered arena 6.
   453 | D        | Killed a floating eye
   454 | D        | Paralysed by a floating eye for 2 turns
   455 | D        | Gained mutation: You are weak. (Str -2) [a shining eye]
   458 | D        | Killed a floating eye
   458 | D        | Reached skill level 5 in Unarmed Combat
   458 | D        | Reached XP level 7. HP: 40/40 MP: 8/8
   460 | D        | Gained mutation: Your spells are a little easier to cast, but a little less powerful. [a shining eye]
   462 | D        | Gained mutation: You are frail. (-10% HP) [a shining eye]
   466 | D        | Killed a shining eye
   474 | D        | Killed a golden eye
   474 | D        | Reached XP level 8. HP: 40/40 MP: 9/9
   523 | D        | Got the ring "Isi Geej" {Fire rPois rN+ Str+4}
   527 | D        | Entered arena 7.
   527 | D        | Noticed a deep elf archer
   527 | D        | Noticed a deep elf archer
   527 | D        | Noticed a deep elf knight
   535 | D        | Reached ****** piety under Wu Jian
   537 | D        | Reached skill level 10 in Stealth
   538 | D        | Shot with an arrow by a deep elf archer
   539 | D        | Reached XP level 7. HP: -12/36 MP: 8/8
   546 | D        | Killed a deep elf knight
   546 | D        | Reached skill level 16 in Dodging
   546 | D        | Reached skill level 10 in Unarmed Combat
   546 | D        | Reached XP level 8. HP: 14/40 MP: 9/9
   546 | D        | Shot with an arrow by a deep elf archer

Vault maps used:
D:        sprint_v

Skill      XL: |  1  2  3  4  5  6  7  8 |
---------------+-------------------------+-----
Fighting       | 5 7 8 9 11 12 | 12.0
Dodging        | 8 11 13 15 16 | 16.2
Unarmed Combat | 3 5 10 8 | 10.1
Stealth        | 7 11 10 | 11.1

Action                   |  1- 3 |  4- 6 |  7- 9 || total
-------------------------+-------+-------+-------++-------
Melee: Unarmed           |     6 |    46 |    36 ||    88
       Bite              |       |     5 |     4 ||     9
       Punch             |       |       |     1 ||     1
Invok: Serpent's Lash    |       |     1 |       ||     1
Evoke: Lightning rod     |       |       |     2 ||     2
  Use: Potion            |     3 |     6 |     4 ||    13
 Stab: Sleeping          |     2 |     3 |       ||     5
       Invisible         |       |     4 |     1 ||     5
  Eat: Chunk             |       |     5 |     1 ||     6
Armor: Skin              |       |       |     1 ||     1
Dodge: Dodged            |    15 |    49 |    29 ||    93
